NCAA
VILLANOVA WILDCATS @ ILLINOIS FIGHTING ILLINI
04/20/2030
 
TOP OF THE 1ST
Villanova Wildcats batting - Pitching for Illinois Fighting Illini : LHP Earl Hudson
Pitching: LHP Earl Hudson
Batting: SHB Jimmy Bullock 0-0: Called Strike
0-1: Ball
1-1: Called Strike
1-2: Strikes out swinging
Batting: LHB Anthony Samples 0-0: Foul Ball, location: 2F
0-1: Hit by Pitch
Batting: RHB Michael Boulanger 0-0: Foul Ball, location: 2F
0-1: Foul Ball, location: 2F
0-2: Grounds into double play, 6-4-3 (Groundball, 6MD)
Top of the 1st over - 0 runs, 0 hits, 0 errors, 0 left on base; Villanova 0 - Illinois 0
BOTTOM OF THE 1ST
Illinois Fighting Illini batting - Pitching for Villanova Wildcats : RHP Kevin Sánchez
Pitching: RHP Kevin Sánchez
Batting: LHB Dave Cannon 0-0: Foul Ball, location: 2F
0-1: Called Strike
0-2: Ball
1-2: Strikes out swinging
Batting: LHB José Rodríguez 0-0: Called Strike
0-1: Ball
1-1: TRIPLE (Line Drive, 8RXD)
Batting: RHB Harold Allen 0-0: Ground out 5-3 (Groundball, 5)
Batting: RHB Jim Bell 0-0: Foul Ball, location: 2F
0-1: Ball
1-1: Ball
2-1: Ball
3-1: SINGLE (Groundball, 4MD)
José Rodríguez scores
Batting: RHB Weldon Lott 0-0: Ball
1-0: Ball
2-0: Ball
3-0: Called Strike
3-1: Called Strike
3-2: Foul Ball, location: 2F
3-2: Foul Ball, location: 2F
3-2: Foul Ball, location: 2F
3-2: Strikes out swinging
Bottom of the 1st over - 1 run, 2 hits, 0 errors, 1 left on base; Villanova 0 - Illinois 1
TOP OF THE 2ND
Villanova Wildcats batting - Pitching for Illinois Fighting Illini : LHP Earl Hudson
Batting: RHB Bud López 0-0: Called Strike
0-1: Reached on error, E4 (Groundball, 4)
Batting: SHB Vincent McComisky 0-0: Ball
1-0: Foul Ball, location: 2F
1-1: Ball
2-1: Ball
3-1: Foul Ball, location: 2F
3-2: Base on Balls
Bud López to second
Batting: RHB Clay Cowden 0-0: Called Strike
0-1: Ball
1-1: Foul Ball, location: 2F
1-2: Strikes out looking
Batting: SHB Neil Floyd 0-0: Ball
1-0: Swinging Strike
1-1: Called Strike
1-2: Ball
2-2: Strikes out swinging
Batting: RHB Brendon Bachman 0-0: Fly out, F7 (Flyball, 7LS)
Top of the 2nd over - 0 runs, 0 hits, 1 error, 2 left on base; Villanova 0 - Illinois 1
BOTTOM OF THE 2ND
Illinois Fighting Illini batting - Pitching for Villanova Wildcats : RHP Kevin Sánchez
Batting: RHB Nacho Enríquez 0-0: SOLO HOME RUN (Flyball, 9D), Distance : 344 ft
Batting: RHB Mike Taylor 0-0: Ball
1-0: Called Strike
1-1: Fly out, F8 (Line Drive, 8LD)
Batting: RHB Forrest Donovan 0-0: Called Strike
0-1: Ground out 5-3 (Groundball, 56)
Batting: LHB Peter Taylor 0-0: Called Strike
0-1: Ball
1-1: Ground out 4-3 (Groundball, 4)
Bottom of the 2nd over - 1 run, 1 hit, 0 errors, 0 left on base; Villanova 0 - Illinois 2
TOP OF THE 3RD
Villanova Wildcats batting - Pitching for Illinois Fighting Illini : LHP Earl Hudson
Batting: LHB Steve Jones 0-0: Ball
1-0: Foul Ball, location: 2F
1-1: Called Strike
1-2: Strikes out looking
Batting: SHB Jimmy Bullock 0-0: Called Strike
0-1: Called Strike
0-2: Ball
1-2: Foul Ball, location: 2F
1-2: Foul Ball, location: 2F
1-2: Ball
2-2: Foul Ball, location: 2F
2-2: Reached on error, E6 (Groundball, 6M)
Batting: LHB Anthony Samples 0-0: Ball
1-0: Ball
2-0: Ball
3-0: Swinging Strike
3-1: Foul Ball, location: 2F
3-2: Strikes out swinging
Batting: RHB Michael Boulanger 0-0: Ball
Jimmy Bullock steals 2nd base
1-0: Ball
2-0: Called Strike
2-1: Ball
3-1: Base on Balls
Batting: RHB Bud López 0-0: Ball
1-0: Ball
2-0: Ball
3-0: Base on Balls
Jimmy Bullock to third
Michael Boulanger to second
Batting: SHB Vincent McComisky 0-0: Ball
Wild Pitch!
Jimmy Bullock scores
Michael Boulanger to third
Bud López to second
1-0: Foul Ball, location: 2F
1-1: Foul Ball, location: 2F
1-2: Strikes out looking
Top of the 3rd over - 1 run, 0 hits, 1 error, 2 left on base; Villanova 1 - Illinois 2
BOTTOM OF THE 3RD
Illinois Fighting Illini batting - Pitching for Villanova Wildcats : RHP Kevin Sánchez
Batting: LHB Dave Cannon 0-0: Called Strike
0-1: Called Strike
0-2: Strikes out swinging
Batting: LHB José Rodríguez 0-0: Ground out 5-3 (Groundball, 5)
Batting: RHB Harold Allen 0-0: Ball
1-0: Foul Ball, location: 2F
1-1: Swinging Strike
1-2: Reached on error, E1 (Groundball, 15)
Batting: RHB Jim Bell 0-0: Ground out 1-3 (Groundball, 15S)
Bottom of the 3rd over - 0 runs, 0 hits, 1 error, 1 left on base; Villanova 1 - Illinois 2
TOP OF THE 4TH
Villanova Wildcats batting - Pitching for Illinois Fighting Illini : LHP Earl Hudson
Batting: RHB Clay Cowden 0-0: SINGLE (Groundball, 56D)
Batting: SHB Neil Floyd 0-0: Ball
1-0: Foul Ball, location: 2F
1-1: Ball
2-1: Ball
3-1: Base on Balls
Clay Cowden to second
Batting: RHB Brendon Bachman 0-0: Foul Ball, location: 2F
0-1: Swinging Strike
0-2: Ball
1-2: Ball
2-2: Ball
3-2: Strikes out looking
Batting: LHB Steve Jones 0-0: Grounds into double play, 4-6-3 (Groundball, 4)
Top of the 4th over - 0 runs, 1 hit, 0 errors, 1 left on base; Villanova 1 - Illinois 2
BOTTOM OF THE 4TH
Illinois Fighting Illini batting - Pitching for Villanova Wildcats : RHP Kevin Sánchez
Batting: RHB Weldon Lott 0-0: Called Strike
0-1: Foul Ball, location: 2F
0-2: Ball
1-2: Ball
2-2: Foul Ball, location: 2F
2-2: Foul Ball, location: 2F
2-2: Fly out, F8 (Flyball, 8LD)
Batting: RHB Nacho Enríquez 0-0: SINGLE (Flyball, 7LM)
Batting: RHB Mike Taylor 0-0: Called Strike
0-1: SINGLE (Line Drive, 34)
Nacho Enríquez to second
Runner from 2nd tries for 3rd, SAFE, no throw
Batting: RHB Forrest Donovan 0-0: Foul Ball, location: 2F
0-1: Called Strike
0-2: Ball
1-2: Ground out 5-3 (Groundball, 5S)
Nacho Enríquez scores
Mike Taylor to second
Batting: LHB Peter Taylor 0-0: Called Strike
0-1: Foul Ball, location: 2F
0-2: Ball
1-2: Foul Ball, location: 2F
1-2: Foul Ball, location: 2F
1-2: Strikes out swinging
Bottom of the 4th over - 1 run, 2 hits, 0 errors, 1 left on base; Villanova 1 - Illinois 3
TOP OF THE 5TH
Villanova Wildcats batting - Pitching for Illinois Fighting Illini : LHP Earl Hudson
Batting: SHB Jimmy Bullock 0-0: Called Strike
0-1: Ball
1-1: Called Strike
1-2: Strikes out swinging
Batting: LHB Anthony Samples 0-0: Ball
1-0: Foul Ball, location: 2F
1-1: Foul Ball, location: 2F
1-2: Foul Ball, location: 2F
1-2: Hit by Pitch
Pitching: LHP Paul Judge
Batting: RHB Michael Boulanger 0-0: Ball
1-0: Called Strike
1-1: Swinging Strike
1-2: Foul Ball, location: 2F
1-2: Strikes out looking
Batting: RHB Bud López 0-0: Fly out, F4 (Flyball, 34D)
Top of the 5th over - 0 runs, 0 hits, 0 errors, 1 left on base; Villanova 1 - Illinois 3
BOTTOM OF THE 5TH
Illinois Fighting Illini batting - Pitching for Villanova Wildcats : RHP Kevin Sánchez
Batting: LHB Dave Cannon 0-0: Ball
1-0: Called Strike
1-1: Called Strike
1-2: Strikes out swinging
Batting: LHB José Rodríguez 0-0: Ball
1-0: Swinging Strike
1-1: Swinging Strike
1-2: Foul Ball, location: 2F
1-2: SOLO HOME RUN (Flyball, 9LD), Distance : 334 ft
Batting: RHB Harold Allen 0-0: Ball
1-0: Ball
2-0: Ball
3-0: Called Strike
3-1: Foul Ball, location: 2F
3-2: Strikes out swinging
Batting: RHB Jim Bell 0-0: Swinging Strike
0-1: Swinging Strike
0-2: Strikes out looking
Bottom of the 5th over - 1 run, 1 hit, 0 errors, 0 left on base; Villanova 1 - Illinois 4
TOP OF THE 6TH
Villanova Wildcats batting - Pitching for Illinois Fighting Illini : LHP Paul Judge
Batting: SHB Vincent McComisky 0-0: Ball
1-0: Ball
2-0: Ball
3-0: Base on Balls
Batting: RHB Clay Cowden 0-0: Ball
1-0: Foul Ball, location: 2F
1-1: Ball
2-1: Called Strike
2-2: Ball
3-2: Foul Ball, location: 2F
3-2: Base on Balls
Vincent McComisky to second
Batting: SHB Neil Floyd 0-0: Fly out, F8 (Line Drive, 8LS)
Batting: RHB Brendon Bachman 0-0: Fly out, F8 (Flyball, 8RM)
Batting: LHB Steve Jones 0-0: Ball
1-0: Fly out, F8 (Flyball, 8LD)
Top of the 6th over - 0 runs, 0 hits, 0 errors, 2 left on base; Villanova 1 - Illinois 4
BOTTOM OF THE 6TH
Illinois Fighting Illini batting - Pitching for Villanova Wildcats : RHP Kevin Sánchez
Batting: RHB Weldon Lott 0-0: Ball
1-0: Swinging Strike
1-1: Swinging Strike
1-2: Ball
2-2: Strikes out looking
Pitching: LHP Tom Simms
Batting: RHB Nacho Enríquez 0-0: Called Strike
0-1: Swinging Strike
0-2: Ball
1-2: Strikes out swinging
Batting: RHB Mike Taylor 0-0: Called Strike
0-1: Foul Ball, location: 2F
0-2: Ball
1-2: Ball
2-2: Fly out, F7 (Line Drive, 7S)
Bottom of the 6th over - 0 runs, 0 hits, 0 errors, 0 left on base; Villanova 1 - Illinois 4
TOP OF THE 7TH
Villanova Wildcats batting - Pitching for Illinois Fighting Illini : LHP Paul Judge
Batting: SHB Jimmy Bullock 0-0: Swinging Strike
0-1: Foul Ball, location: 2F
0-2: Ball
1-2: Foul Ball, location: 2F
1-2: Ball
2-2: DOUBLE (Line Drive, 9LM)
Batting: LHB Anthony Samples 0-0: Ball
1-0: Foul Ball, location: 2F
1-1: Swinging Strike
1-2: Strikes out swinging
Batting: RHB Michael Boulanger 0-0: Ball
1-0: Foul Ball, location: 2F
1-1: Ball
2-1: Foul Ball, location: 2F
2-2: Strikes out looking
Batting: RHB Bud López 0-0: Called Strike
0-1: Fly out, F9 (Flyball, 89M)
Top of the 7th over - 0 runs, 1 hit, 0 errors, 1 left on base; Villanova 1 - Illinois 4
BOTTOM OF THE 7TH
Illinois Fighting Illini batting - Pitching for Villanova Wildcats : LHP Tom Simms
Batting: RHB Forrest Donovan 0-0: Ball
1-0: Ground out 6-3 (Groundball, 6)
Batting: LHB Peter Taylor 0-0: Foul Ball, location: 2F
0-1: Ball
1-1: Ball
2-1: Ball
3-1: Base on Balls
Batting: LHB Dave Cannon 0-0: Called Strike
0-1: Ball
1-1: Ball
2-1: Foul Ball, location: 2F
2-2: Fly out, F9 (Flyball, 9)
Batting: LHB José Rodríguez 0-0: Ground out 1-3 (Groundball, P)
Bottom of the 7th over - 0 runs, 0 hits, 0 errors, 1 left on base; Villanova 1 - Illinois 4
TOP OF THE 8TH
Villanova Wildcats batting - Pitching for Illinois Fighting Illini : LHP Paul Judge
Batting: SHB Vincent McComisky 0-0: Ball
1-0: Foul Ball, location: 2F
1-1: SINGLE (Line Drive, 78S)
Batting: RHB Clay Cowden 0-0: Ball
1-0: Ball
2-0: Ball
3-0: Base on Balls
Vincent McComisky to second
Batting: SHB Neil Floyd 0-0: Called Strike
0-1: Ball
1-1: Ball
2-1: Ball
3-1: Base on Balls
Vincent McComisky to third
Clay Cowden to second
Pitching: RHP James Rivers
Batting: RHB Brendon Bachman 0-0: Ball
1-0: Fly out, F3 (Popup, 34)
Pinch Hitting: LHB Keith Haynes 0-0: Ball
1-0: Ball
2-0: Ball
3-0: Called Strike
3-1: Base on Balls
Vincent McComisky scores
Clay Cowden to third
Neil Floyd to second
Batting: SHB Jimmy Bullock 0-0: Ball
1-0: Called Strike
1-1: Foul Ball, location: 2F
1-2: Ball
2-2: Ball
3-2: Strikes out swinging
Batting: LHB Anthony Samples 0-0: Foul Ball, location: 2F
0-1: Ball
1-1: Fly out, F6 (Popup, P)
Top of the 8th over - 1 run, 1 hit, 0 errors, 3 left on base; Villanova 2 - Illinois 4
BOTTOM OF THE 8TH
Illinois Fighting Illini batting - Pitching for Villanova Wildcats : LHP Tom Simms
Now in LF: Keith Haynes
Batting: RHB Harold Allen 0-0: Ball
1-0: Ball
2-0: Called Strike
2-1: Ball
3-1: Foul Ball, location: 2F
3-2: Base on Balls
Batting: RHB Jim Bell 0-0: Ball
1-0: Ball
2-0: Ball
3-0: Base on Balls
Harold Allen to second
Batting: RHB Weldon Lott 0-0: Ball
1-0: Swinging Strike
1-1: Called Strike
1-2: Strikes out looking
Batting: RHB Nacho Enríquez 0-0: Called Strike
0-1: Ball
1-1: Fly out, F8 (Flyball, 89M)
Batting: RHB Mike Taylor 0-0: Ball
1-0: Ball
2-0: Ball
3-0: Called Strike
3-1: Fielders Choice at 2nd, 6-4 (Groundball, 6)
Bottom of the 8th over - 0 runs, 0 hits, 0 errors, 2 left on base; Villanova 2 - Illinois 4
TOP OF THE 9TH
Villanova Wildcats batting - Pitching for Illinois Fighting Illini : RHP James Rivers
Pitching: LHP Shawn Peters
Batting: RHB Michael Boulanger 0-0: Ball
1-0: Ball
2-0: Ball
3-0: Called Strike
3-1: Base on Balls
Batting: RHB Bud López 0-0: Ball
1-0: Grounds into double play, 4-6-3 (Groundball, 4)
Batting: SHB Vincent McComisky 0-0: Called Strike
0-1: Fly out, F7 (Flyball, 7D)
Top of the 9th over - 0 runs, 0 hits, 0 errors, 0 left on base; Villanova 2 - Illinois 4
Saturday, April 7th, 2018 - OOTP Baseball 18.8 Build 76